 Dungeon Crawl Stone Soup version 0.32-a0-871-ge202e49 (webtiles) character file.

Game seed: 17619979006992558553

78374 uithing the Bludgeoner (level 16, 0/129 HPs)
             Began as a Formicid Fighter on Mar 29, 2024.
             Was the Champion of Okawaru.
             Killed from afar by a shock serpent (17 damage)
             ... with a bolt of electricity
             ... on level 1 of the Snake Pit.
             The game lasted 01:05:52 (21026 turns).

uithing the Bludgeoner (Formicid Fighter)          Turns: 21026, Time: 01:05:54

Health: 0/129      AC: 37    Str: 27    XL:     16   Next: 8%
Magic:  25/25      EV:  4    Int: 16    God:    Okawaru [******]
Gold:   2233       SH: 20    Dex: 22    Spells: 15/15 levels left

rFire   + . .        T - +4 eveningstar (holy)
rCold   + + +        D - +0 kite shield
rNeg    . . .        U - +12 crystal plate armour "Dyguoch" {Int+6}
rPois   +            (helmet unavailable)
rElec   .            q - scarf {rC+ rF+}
rCorr   .            k - +0 pair of gloves "Baiggiuh" {rPois rF- rC+ Dex+3}
SInv    +            d - +1 pair of boots of Yforet {Rampage rC+ Slay+2}
Will    +....        n - amulet of reflection Stlth
                     N - ring of protection from fire
HPRegen 0.41/turn    K - +6 ring of dexterity
MPRegen 0.19/turn

%: reflection, rampage
@: no status effects
A: permanent stasis, dig shafts and tunnels, antennae 3, four strong arms
a: Dig, Shaft Self, Renounce Religion, Heroism, Finesse, Duel


You were on level 1 of the Snake Pit.
You worshipped Okawaru.
Okawaru was exalted by your worship.
You visited 5 branches of the dungeon, and saw 21 of its levels.
You also visited: Sewer, Ossuary and Ice Cave.

You collected 2807 gold pieces.
You spent 574 gold pieces at shops.

Inventory:

Hand Weapons
 L - the +4 flail "Duirr" {pain, *Rage Will+++ Int+3}
   (You found it on level 11 of the Dungeon)

   Int+3:     It affects your intelligence (+3).
   Will+++:   It greatly increases your willpower.
   *Rage:     It berserks you when you make melee attacks (+20% chance).
 O - a +2 dire flail of protection
 T - a +4 eveningstar of holy wrath (weapon)
Missiles
 b - 6 javelins
 u - 2 silver javelins
 I - a throwing net
 S - a dart of dispersal
Armour
 d - the +1 pair of boots of Yforet (worn) {Rampage rC+ Slay+2}
   (You bought it in a shop on level 2 of the Orcish Mines)

   Slay+2:    It affects your accuracy & damage with ranged weapons and melee
   (+2).
   rC+:       It protects you from cold.
   Rampage:   It bestows one free step when moving towards enemies.
 k - the +0 pair of gloves "Baiggiuh" (worn) {rPois rF- rC+ Dex+3}
   (You bought it in a shop on level 2 of the Orcish Mines)

   Dex+3:     It affects your dexterity (+3).
   rF-:       It makes you vulnerable to fire.
   rC+:       It protects you from cold.
   rPois:     It protects you from poison.
 q - a scarf of resistance (worn)
 D - a +0 kite shield (worn)
 U - the +12 crystal plate armour "Dyguoch" (worn) {Int+6}
   (Okawaru gifted it to you on level 3 of the Lair of Beasts)

   Int+6:     It affects your intelligence (+6).
Jewellery
 n - an amulet of reflection (around neck)
 K - a +6 ring of dexterity (right hand)
 N - a ring of protection from fire (left hand)
Wands
 c - a wand of warping (9)
 v - a wand of digging (3)
 w - a wand of mindburst (5)
 y - a wand of quicksilver (23)
 G - a wand of flame (37)
 H - a wand of polymorph (2)
Scrolls
 a - 4 scrolls of poison
 e - 5 scrolls of fog
 i - 3 scrolls of revelation
 l - 3 scrolls of immolation
 o - 6 scrolls of fear
 s - 3 scrolls of identify
 t - 4 scrolls of enchant armour
 E - a scroll of amnesia
 F - 4 scrolls of vulnerability
 P - 3 scrolls of noise
 Q - a scroll of silence
Potions
 f - 3 potions of invisibility
 g - 3 potions of heal wounds
 h - 2 potions of resistance
 j - 3 potions of curing
 m - 2 potions of magic
 p - 2 potions of ambrosia
 r - 6 potions of cancellation
 x - 2 potions of attraction
 A - 6 potions of degeneration {unknown}
 C - 6 potions of mutation


   Skills:
 + Level 12.7 Fighting
 * Level 17.3 Maces & Flails
 + Level 11.0 Armour
 - Level 1.0 Dodging
 + Level 15.5 Shields
 * Level 12.1 Invocations
 * Level 2.8 Evocations


You had 15 spell levels left.
You didn't know any spells.
Your spell library contained the following spells:

 Spells                   Type           Power      Damage    Failure   Level
 Magic Dart               Conj           0%         1d3       100%        1
 Necrotise                Necr           0%         1d4       100%        1
 Sandblast                Erth           0%         2d4       100%        1
 Shock                    Conj/Air       0%         1d3       100%        1
 Lesser Beckoning         Tloc           0%         N/A       100%        2
 Momentum Strike          Conj/Tloc      0%         3d8       100%        2
 Static Discharge         Conj/Air       0%         3-3/arc   100%        2
 Frozen Ramparts          Ice            0%         1d1       100%        3
 Ozocubu's Armour         Ice            0%         N/A       100%        3
 Stone Arrow              Conj/Erth      0%         3d7       100%        3
 Vampiric Draining        Necr           0%         2d6       100%        3
 Airstrike                Air            0%         2d(0-16)  100%        4
 Brom's Barrelling Bould  Conj/Erth      0%         2d3       100%        4
 Curse of Agony           Necr           0%         N/A       100%        5
 Lee's Rapid Deconstruct  Erth           0%         3d4*      100%        5
 Metabolic Englaciation   Hex/Ice        0%         N/A       100%        5
 Blink                    Tloc           Unusable   N/A       N/A         2
 Call Imp                 Summ           Unusable   N/A       N/A         2
 Swiftness                Air            Unusable   N/A       N/A         3
 Animate Armour           Summ/Erth      Unusable   N/A       N/A         4
 Martyr's Knell           Necr/Summ      Unusable   N/A       N/A         4
 Summon Lightning Spire   Summ/Air       Unusable   N/A       N/A         4

Dungeon Overview and Level Annotations

Branches:
Dungeon (12/15)            Temple (1/1) D:6            Lair (5/5) D:8
 Shoals (0/4) Lair:2        Snake (1/4) Lair:2        Slime (0/5) Lair:4
    Orc (2/2) D:11            Elf (0/3) Orc:2         Sewer (visited)
Ossuary (visited)           IceCv (visited)

Altars:
Ashenzari
Cheibriados
Dithmenos
Elyvilon
Fedhas
Gozag
Hepliaklqana
Kikubaaqudgha
Makhleb
Nemelex Xobeh
Okawaru
Qazlal
Ru
Sif Muna
Trog
Uskayaw
Vehumet
Wu Jian
Xom
Yredelemnul
Zin
The Shining One
Beogh

Shops:
D:6 (   D:9 *   Orc:2 [[([[*

Annotations:
D:9 3 runed translucent doors, 9stopf's ghost, journeyman CoGl
Lair:1 1 runed translucent door
Snake:1 2 runed translucent doors, jongho1212's ghost, adept MfGl
Orc:2 1 runed translucent door, binmo's ghost, journeyman MiBe


Innate Abilities, Weirdness & Mutations

You cannot be hasted, slowed, berserked, paralysed or teleported.
You can dig through walls and to a lower floor.
You have a pair of large antennae on your head. (SInv)
Your four strong arms can wield two-handed weapons with a shield.


Message History

The anaconda constricts you.
You barely miss the anaconda.
The anaconda is heavily wounded.
The anaconda bites you! The anaconda constricts you.
You block the anaconda's attack. The anaconda constricts you!
You impale the anaconda!!
The anaconda is almost dead.
You block the anaconda's attack. The anaconda constricts you.
You hit the anaconda.
You kill the anaconda!
Okawaru accepts your kill.
Your life force feels restored.
You hit the black mamba.
The black mamba is lightly wounded.
The black mamba bites you but does no damage. x2
You closely miss the black mamba.
The black mamba is lightly wounded.
The black mamba bites you but does no damage.
You closely miss the black mamba.
The black mamba is lightly wounded.
The black mamba bites you but does no damage. x2
You puncture the black mamba!
The black mamba is moderately wounded.
You block the black mamba's attack.
You bludgeon the black mamba!!
The black mamba is almost dead.
You hear an angry hiss.
You block the black mamba's attack.
You sock the black mamba!
You kill the black mamba!
Okawaru accepts your kill.
A shock serpent comes into view.
The shock serpent shoots out a bolt of lightning at you!
The bolt of electricity hits you!
* * * LOW HITPOINT WARNING * * *
The bolt of electricity hits you!
* * * LOW HITPOINT WARNING * * *
The shock serpent shoots out a bolt of lightning at you!
The bolt of electricity hits you!
You die...

###...#
#..## #...#
#...# #...#
#)..#
###...##
#...#
##......##
#...# #
#....#...#
#<..# #. {
#...###..###
#..##
###.#+##..##
##...###...#
##......#@##
##..)#....#
S.....S.)##
##.#....##
.....#..##
##....## .##
####
##.#.###
##.#..#.#
#.#..#)##
##..####
####


You could see a shock serpent.

Vanquished Creatures
  Saint Roka (Orc:2)
  A fire dragon (Lair:5)
  Josephine (Lair:4)
  4 catoblepae
  3 hydras
  A boulder beetle (D:11)
  Erica (Orc:1)
  2 anacondas (Snake:1)
  2 two-headed ogres
  5 death yaks
  2 orc high priests (Orc:2)
  A naga sharpshooter (Snake:1)
  2 skysharks (Lair:5)
  A swamp dragon (Lair:5)
  An obsidian bat (Orc:2)
  A lindwurm (Lair:1)
  4 orc knights
  2 wolf spiders (Lair:5)
  A necromancer (IceCv)
  2 orc sorcerers (Orc:2)
  A salamander (Lair:2)
  13 elephants
  4 kobold blastminers
  A guardian serpent (Lair:5)
  8 black mambas
  A naga mage (Snake:1)
  Jeremiah (Lair:1)
  An ice statue (IceCv)
  4 rime drakes (Lair:5)
  20 cane toads
  2 anaconda simulacra (IceCv)
  7 komodo dragons
  15 ice devils (IceCv)
  3 trolls
  A hornet (Lair:5)
  A polar bear (Lair:4)
  18 blink frogs
  A snapping turtle (Lair:2)
  A water elemental (Lair:2)
  15 wyverns
  6 wraiths
  2 dire elephant simulacra (IceCv)
  58 yaks
  A redback (Lair:5)
  3 steam dragons
  4 wargs (Orc:2)
  2 vampire mosquitoes (D:10)
  8 basilisks
  6 death yak simulacra
  2 harpy simulacra (IceCv)
  4 nagas (Snake:1)
  An acid dragon (Lair:5)
  30 water moccasins
  Duvessa (D:7)
  2 hydra simulacra (IceCv)
  26 orc warriors
  2 black bears
  3 swamp drakes (Lair:5)
  5 ogres
  14 wolves
  4 centaurs
  A phantom (D:4)
  3 kobold brigands
  2 gnoll sergeants
  2 brain worms (Sewer)
  14 bullfrogs
  3 cane toad simulacra (IceCv)
  2 two-headed ogre simulacra (IceCv)
  5 scorpions
  4 wights (D:6)
  Dowan (D:7)
  4 elephant simulacra
  11 killer bees
  3 electric eels (D:8)
  A howler monkey (D:9)
  3 lava snakes (Lair:2)
  4 bombardier beetles
  8 hounds
  6 jellies
  Crazy Yiuf (D:4)
  17 orc priests
  5 iguanas
  2 sleepcaps
  23 orc wizards
  A troll simulacrum (IceCv)
  A spriggan simulacrum (IceCv)
  7 wolf simulacra
  5 polar bear simulacra (IceCv)
  3 crocodile zombies (Ossuary)
  4 mummies
  10 gnolls
  17 adders
  2 naga simulacra (IceCv)
  7 river rats (Sewer)
  A shadow imp (D:7)
  A white imp (D:7)
  2 ufetubi (D:7)
  2 ribbon worms
  A dart slug (D:4)
  94 orcs
  6 endoplasms
  3 giant cockroaches
  12 goblins
  8 hobgoblins
  9 jackals
  18 kobolds
  6 quokkas
  11 ball pythons
  4 bats
  12 frilled lizards
  A gnoll zombie (Ossuary)
  A hobgoblin zombie (D:7)
  3 kobold zombies
  8 rats
725 creatures vanquished.

Vanquished Creatures (others)
  An orc (D:8)
1 creature vanquished.

Grand Total: 726 creatures vanquished

Notes
Turn   | Place    | Note
-------+----------+-------------------------------------------
     0 | D:1      | uithing the Formicid Fighter began the quest for the Orb.
     0 | D:1      | Reached XP level 1. HP: 18/18 MP: 1/1
   127 | D:1      | Reached XP level 2. HP: 19/24 MP: 2/2
   301 | D:1      | Reached XP level 3. HP: 25/29 MP: 3/3
   842 | D:2      | Reached XP level 4. HP: 37/37 MP: 4/4
   852 | D:2      | Found a faded altar of an unknown god.
   926 | D:2      | Reached skill level 1 in Dodging
   940 | D:2      | Reached skill level 3 in Maces & Flails
  1287 | D:3      | Reached XP level 5. HP: 40/42 MP: 5/5
  1459 | D:3      | Reached skill level 4 in Maces & Flails
  1867 | D:4      | Reached XP level 6. HP: 41/48 MP: 6/6
  1972 | D:4      | Reached skill level 5 in Maces & Flails
  2002 | D:4      | Reached skill level 5 in Shields
  2002 | D:4      | Reached XP level 7. HP: 39/55 MP: 7/7
  2160 | D:4      | Found a glowing drain.
  2164 | Sewer    | Entered a sewer
  2441 | Sewer    | Reached skill level 6 in Maces & Flails
  2485 | Sewer    | Reached XP level 8. HP: 54/61 MP: 6/8
  2624 | Sewer    | Reached skill level 5 in Fighting
  2841 | D:4      | Found a broken altar of Ashenzari.
  2842 | D:4      | Found a white marble altar of Elyvilon.
  3326 | D:4      | Found a runed translucent door.
  3328 | D:4      | Noticed Crazy Yiuf
  3337 | D:4      | Killed Crazy Yiuf
  3393 | D:5      | Entered Level 5 of the Dungeon
  3480 | D:5      | Reached skill level 7 in Maces & Flails
  3488 | D:5      | Reached skill level 5 in Armour
  3939 | D:5      | Found a blossoming altar of Fedhas.
  4041 | D:5      | Found an ornate altar of the Wu Jian Council.
  4265 | D:6      | Reached skill level 8 in Maces & Flails
  4265 | D:6      | Reached XP level 9. HP: 69/69 MP: 9/9
  4427 | D:6      | Found Hoegym's Weapon Shop.
  4530 | D:6      | Found a staircase to the Ecumenical Temple.
  4549 | Temple   | Entered the Ecumenical Temple
  4562 | Temple   | Became a worshipper of Warmaster Okawaru
  4762 | D:6      | Found a burning altar of Makhleb.
  5229 | D:7      | Noticed Duvessa
  5245 | D:7      | Noticed Dowan
  5246 | D:7      | Killed Duvessa
  5247 | D:7      | Reached skill level 9 in Maces & Flails
  5251 | D:7      | Killed Dowan
  5252 | D:7      | Found a sand-covered staircase.
  5266 | Ossuary  | Entered an ossuary
  6289 | D:7      | Found a hide-covered altar of Uskayaw.
  6414 | D:8      | Noticed a two-headed ogre
  6423 | D:8      | Killed a two-headed ogre
  6423 | D:8      | Reached * piety under Okawaru
  6424 | D:8      | Reached skill level 10 in Maces & Flails
  6424 | D:8      | Reached XP level 10. HP: 79/79 MP: 10/10
  6600 | D:8      | Reached skill level 1 in Invocations
  6907 | D:8      | Reached ** piety under Okawaru
  7004 | D:8      | Found an opulent altar of Gozag.
  7518 | D:9      | Found Zin's Purification Station.
  7521 | D:9      | Found a glowing silver altar of Zin.
  7528 | D:9      | Noticed a two-headed ogre
  7532 | D:9      | Killed a two-headed ogre
  7532 | D:9      | Reached *** piety under Okawaru
  7533 | D:9      | Reached skill level 1 in Evocations
  7562 | D:9      | Reached XP level 11. HP: 81/84 MP: 13/13
  7602 | D:9      | Reached skill level 11 in Maces & Flails
  7829 | D:9      | Identified a scroll of acquirement
  7833 | D:9      | Acquired 669 gold pieces
  7841 | D:9      | Found a runed translucent gate.
  7841 | D:9      | Found a runed translucent gate.
  7841 | D:9      | Found a runed translucent gate.
  7845 | D:9      | Noticed 9stopf's ghost (journeyman CoGl)
  7858 | D:9      | Identified the +2 leather armour of the Unseen Realm {rCorr
                  | Str+4}
  8023 | D:8      | Found a basalt altar of Yredelemnul.
  8241 | D:8      | Found a staircase to the Lair.
  8359 | D:8      | Reached **** piety under Okawaru
  8825 | D:10     | Entered Level 10 of the Dungeon
  9802 | D:11     | Noticed a boulder beetle
  9894 | D:11     | Killed a boulder beetle
  9895 | D:11     | Reached skill level 5 in Invocations
 10046 | D:11     | Found a staircase to the Orcish Mines.
 10061 | D:11     | Identified the +4 flail "Duirr" {pain, *Rage Will+++ Int+3}
 10111 | D:11     | Reached ***** piety under Okawaru
 10127 | D:11     | Reached skill level 10 in Shields
 10443 | D:11     | Received a gift from Okawaru
 10444 | D:11     | Reached skill level 12 in Maces & Flails
 10727 | Orc:1    | Entered Level 1 of the Orcish Mines
 10727 | Orc:1    | Noticed Erica
 10727 | Orc:1    | Noticed an orc knight
 10768 | Orc:1    | Killed an orc knight
 10775 | Orc:1    | Reached XP level 12. HP: 76/94 MP: 13/16
 10788 | Orc:1    | Killed Erica
 11486 | Orc:2    | Entered Level 2 of the Orcish Mines
 11511 | Orc:2    | Found a roughly hewn altar of Beogh.
 11623 | Orc:2    | Noticed Saint Roka
 11678 | Orc:2    | Killed Saint Roka
 11679 | Orc:2    | Reached skill level 13 in Maces & Flails
 11707 | Orc:2    | Received a gift from Okawaru
 12109 | Orc:2    | Noticed an orc high priest
 12159 | Orc:2    | Killed an orc high priest
 12418 | Orc:2    | Found Yrilaes's Antique Armour Emporium.
 12426 | Orc:2    | Bought a pair of faintly glowing boots for 332 gold pieces
 12426 | Orc:2    | Identified the +1 pair of boots of Yforet {Rampage rC+
                  | Slay+2} (You bought it in a shop on level 2 of the Orcish
                  | Mines)
 12507 | Orc:2    | Found Hemajug's Armour Shoppe.
 12509 | Orc:2    | Found a roughly hewn altar of Beogh.
 12553 | Orc:2    | Reached XP level 13. HP: 90/97 MP: 19/19
 12740 | Orc:2    | Found a roughly hewn altar of Beogh.
 12742 | Orc:2    | Found a staircase to the Elven Halls.
 12799 | Orc:2    | Found a roughly hewn altar of Beogh.
 12800 | Orc:2    | Found Evebiof's General Store.
 12831 | Orc:2    | Received a gift from Okawaru
 13069 | Orc:2    | Found Gynkym's Armour Emporium.
 13107 | Orc:2    | Found Ygos's Antique Weapon Shop.
 13107 | Orc:2    | Found a roughly hewn altar of Beogh.
 13114 | Orc:2    | Found Omeown's Antique Armour Boutique.
 13325 | Orc:2    | Found a roughly hewn altar of Beogh.
 13388 | Orc:2    | Found a roughly hewn altar of Beogh.
 13404 | Orc:2    | Found a roughly hewn altar of Beogh.
 13456 | Orc:2    | Noticed binmo's ghost (journeyman MiBe)
 13458 | Orc:2    | Found a runed translucent door.
 13499 | Orc:2    | Reached skill level 14 in Maces & Flails
 13613 | Lair:1   | Entered Level 1 of the Lair of Beasts
 13733 | Lair:1   | Reached skill level 10 in Fighting
 13785 | Lair:1   | Received a gift from Okawaru
 14125 | Lair:1   | Noticed Jeremiah
 14176 | Lair:1   | Killed Jeremiah
 14429 | Lair:1   | Noticed a catoblepas
 14429 | Lair:1   | Noticed a catoblepas
 14451 | Lair:1   | Found a runed translucent door.
 14573 | Lair:2   | Received a gift from Okawaru
 14711 | Lair:2   | Found a staircase to the Shoals.
 15106 | Lair:2   | Found a staircase to the Snake Pit.
 15339 | Lair:2   | Reached XP level 14. HP: 111/111 MP: 21/21
 15694 | Lair:3   | Reached ****** piety under Okawaru
 15694 | Lair:3   | Received a gift from Okawaru
 15696 | Lair:3   | Acquired a +2 eveningstar of holy wrath
 15696 | Lair:3   | Received a gift from Okawaru
 15699 | Lair:3   | Acquired the +12 crystal plate armour "Dyguoch" {Int+6}
 15699 | Lair:3   | Received a gift from Okawaru
 15846 | Lair:3   | Reached skill level 15 in Maces & Flails
 15860 | Lair:3   | Reached skill level 10 in Armour
 15860 | Lair:3   | Reached skill level 10 in Invocations
 16672 | Lair:4   | Found a frozen archway.
 16673 | Lair:4   | Noticed Josephine
 16724 | Lair:4   | Received a gift from Okawaru
 16744 | Lair:4   | Killed Josephine
 16815 | IceCv    | Entered an ice cave
 17132 | IceCv    | Received a gift from Okawaru
 17180 | IceCv    | Found an ancient bone altar of Kikubaaqudgha.
 17213 | IceCv    | Reached skill level 16 in Maces & Flails
 17663 | Lair:4   | Reached XP level 15. HP: 115/116 MP: 23/23
 17863 | Lair:4   | Received a gift from Okawaru
 18212 | Lair:4   | Found a staircase to the Slime Pits.
 18529 | Lair:5   | Entered Level 5 of the Lair of Beasts
 18792 | Lair:5   | Received a gift from Okawaru
 19220 | Orc:2    | Bought the +0 pair of gloves "Baiggiuh" {rPois rF- rC+
                  | Dex+3} for 242 gold pieces
 19773 | Lair:5   | Reached skill level 17 in Maces & Flails
 20100 | Lair:5   | Received a gift from Okawaru
 20104 | Lair:5   | Reached skill level 15 in Shields
 20406 | Lair:5   | Identified the +3 leather armour of Womigiot {rN+ Int+2}
 20794 | Snake:1  | Entered Level 1 of the Snake Pit
 20832 | Snake:1  | Reached XP level 16. HP: 97/125 MP: 25/25
 20833 | Snake:1  | Received a gift from Okawaru
 20936 | Snake:1  | Found a large runed translucent door.
 20936 | Snake:1  | Found a large runed translucent door.
 20942 | Snake:1  | Noticed jongho1212's ghost (adept MfGl)
 21026 | Snake:1  | Killed from afar by a shock serpent

Illustrated notes

Levels and vault maps discovered:
D:1:      dpeg_arrival_rhombi, layout_loops_ring
D:2:      layout_rooms, ebering_ecumenical_altar_box
D:3:      layout_loops_ring
D:4:      layout_rooms, mainiacjoe_overflow_divided_tiny,
          mainiacjoe_sewer_entry_somewhere_in_here_2, uniq_crazy_yiuf_cottage
D:5:      layout_cave_pools, pdpol_wu_jian_five_deadly_venoms,
          nicolae_overflow_crystal_walls
D:6:      nicolae_cairo_tiling_large, layout_layer_cave,
          mainiacjoe_overflow_paths, minmay_temple_entry_enclosed_plants,
          serial_shops, nicolae_shop_waterfront, minmay_misc_feat_hallway
D:7:      layout_basic, lemuel_round_altar, nicolae_ossuary_entry_giza,
          chequers_serial_rivers_large_b, minmay_hedge_maze, uniq_duvessa
D:8:      layout_basic, mainiacjoe_overflow_24_doors,
          nicolae_gozag_cash_rules_everything_around_me, erik_lair_island,
          minmay_misc_feat_alley
D:9:      layout_roguey, zin_purify, ebering_ghost_rock_garden
D:10:     layout_stronghold
D:11:     layout_long_grid, orc_david_3
D:12:     layout_rooms, serial_shops, shop, uniq_fannar, uniq_frances
Temple:   hellmonk_temple_forest_ring
Lair:1:   gammafunk_lair_enchanted_lake, layout_regular_city,
          grunt_megastairs_2, uniq_jeremiah
Lair:2:   layout_cave_pods, minmay_shoals_entry_hut,
          nicolae_snake_entry_warm_welcome, st_stairs_10
Lair:3:   layout_regular_city
Lair:4:   layout_long_grid, nicolae_slime_entry_slimehenge,
          portal_ice_cave_entry_ice_simulacra, kennysheep_catoblepas_arena,
          infiniplex_staircase_pool, uniq_josephine
Lair:5:   guppyfry_lair_end_dragon, layout_big_grid,
          hangedman_lair_tendril_chambers
Snake:1:  layout_concentric_octagons, ebering_ghost_disaster_area,
          grunt_megastairs_3
Orc:1:    layout_caves, uniq_erica
Orc:2:    grunt_orc_community_town_hall, layout_caves,
          grunt_orc_community_big_house_1, grunt_orc_community_big_house_1,
          grunt_orc_community_house_3, grunt_orc_community_house_2,
          grunt_orc_community_house_3, grunt_orc_community_house_1,
          grunt_orc_community_house_3, hellmonk_ghost_happy_afterlife,
          basic_altar, serial_shops, shop, shop

Skill      XL: |  1  2  3  4  5  6  7  8  9 10 11 12 13 14 15 16 |
---------------+-------------------------------------------------+-----
Dodging        | 1 |  1.0
Maces & Flails | 3 4 5 6 8 10 12 13 14 16 17 | 17.3
Fighting       | 4 5 7 8 9 10 11 12 | 12.7
Armour         | 4 5 7 8 9 10 11 | 11.0
Shields        | 5 6 7 8 10 11 12 13 15 | 15.5
Invocations    | 3 6 8 9 10 12 | 12.1
Evocations     | 1 2 |  2.8

Action                     |  1- 3 |  4- 6 |  7- 9 | 10-12 | 13-15 | 16-18 || total
---------------------------+-------+-------+-------+-------+-------+-------++-------
  Melee: Flail             |    70 |       |       |       |    14 |       ||    84
         Dire flail        |    20 |   198 |   514 |   892 |   521 |       ||  2145
         Eveningstar       |       |       |       |       |   788 |    41 ||   829
 Invoke: Heroism           |       |       |       |     3 |     1 |       ||     4
         Receive Weapon    |       |       |       |       |     1 |       ||     1
         Receive Armour    |       |       |       |       |     1 |       ||     1
Ability: Dig               |       |       |     1 |     8 |    16 |       ||    25
  Evoke: Wand              |       |       |     3 |     8 |     6 |       ||    17
    Use: Scroll            |       |     2 |    10 |    13 |     3 |       ||    28
         Potion            |       |     1 |       |    11 |     1 |       ||    13
   Stab: Invisible         |       |       |       |     1 |       |       ||     1
         Distracted        |       |       |       |     1 |       |       ||     1
         Petrified         |       |       |       |       |     6 |       ||     6
         Petrifying        |       |       |       |       |     4 |       ||     4
 Armour: Scale mail        |    60 |    15 |       |       |       |       ||    75
         Chain mail        |       |    30 |       |       |       |       ||    30
         Plate armour      |       |   103 |   490 |   405 |   150 |       ||  1148
         Crystal plate arm |       |       |       |       |   413 |    55 ||   468
  Dodge: Dodged            |    48 |    61 |   205 |   265 |   246 |       ||   825
  Block: Buckler           |    18 |    50 |   164 |    11 |       |       ||   243
         Kite shield       |       |       |       |   422 |   817 |    22 ||  1261
         Reflection        |       |       |       |       |     8 |       ||     8

Table legend: (Time is in decaauts)
 A = Elapsed time spent in this place.
 B = Non-inter-level travel time spent in this place.
 C = Inter-level travel time spent in this place.
 D = Time resting spent in this place.
 E = Time spent auto-exploring this place.
 F = Levels seen in this place.
 G = Mean time per level.
                   A        B        C        D        E       F      G
               +--------+--------+--------+--------+--------+-----+--------+
         Total |  20716 |  19642 |   1074 |   1841 |  11673 |  24 |  863.2 |
       Dungeon |   9946 |   9423 |    523 |    687 |   6536 |  12 |  828.8 |
        Temple |    135 |    111 |     24 |    109 |      0 |   1 |  135.0 |
          Lair |   5961 |   5574 |    387 |    217 |   3442 |   5 | 1192.2 |
     Snake Pit |    216 |    216 |      0 |     79 |     50 |   1 |  216.0 |
  Orcish Mines |   2804 |   2665 |    139 |    493 |   1034 |   2 | 1402.0 |
         Sewer |    781 |    781 |      0 |     61 |    500 |   1 |  781.0 |
       Ossuary |    152 |    152 |      0 |      0 |     52 |   1 |  152.0 |
      Ice Cave |    719 |    719 |      0 |    195 |     58 |   1 |  719.0 |
               +--------+--------+--------+--------+--------+-----+--------+

Top non-repeatable levels by time:
   Orc:2: 2061 daAuts
     D:8: 1906 daAuts
  Lair:5: 1751 daAuts
  Lair:4: 1146 daAuts
  Lair:3: 1111 daAuts
  Lair:2: 1067 daAuts
     D:7: 1000 daAuts
    D:11: 994 daAuts
     D:6: 980 daAuts
    D:10: 929 daAuts
     D:4: 902 daAuts
  Lair:1: 884 daAuts
     D:1: 807 daAuts
   Sewer: 781 daAuts
   Orc:1: 743 daAuts
